 Dungeon Crawl Stone Soup version 0.26-b1-32-g5d43845318 (webtiles) character file.

Game seed: 13066887822861762352

454 Arum the Shield-Bearer (level 7, -3/56 HPs)
             Began as a Formicid Fighter on Jan 11, 2021.
             Was a Follower of Cheibriados.
             Slain by an ogre
             ... wielding a +0 giant club
              (16 damage)
             ... on level 4 of the Dungeon.
             The game lasted 00:04:07 (3195 turns).

Arum the Shield-Bearer (Formicid Fighter)           Turns: 3195, Time: 00:04:09

Health: -3/56      AC: 11    Str: 23    XL:     7   Next: 26%
Magic:  7/7        EV:  8    Int:  9    God:    Cheibriados [*.....]
Gold:   169        SH: 10    Dex: 14    Spells: 6/6 levels left

rFire    + . .     SeeInvis +   a - +0 quarterstaff
rCold    + . .     Faith    .   c - +0 kite shield
rNeg     . . .     Spirit   .   b - +0 scale mail
rPois    +         Reflect  .   (helmet unavailable)
rElec    .         Harm     .   (no cloak)
rCorr    .         Rampage  .   (no gloves)
Will     .....                  (no boots)
Stlth    ..........             (no amulet)
HPRegen  0.18/turn              v - +4 ring of protection
MPRegen  0.10/turn              u - ring "Musch" {rPois rF+ rC+ SInv}

@: very slow
A: permanent stasis, dig shafts and tunnels, four strong arms, antennae 3
a: Dig, Shaft Self, Renounce Religion, Bend Time


You were on level 4 of the Dungeon.
You worshipped Cheibriados.
Cheibriados was aware of your devotion.
You visited 1 branch of the dungeon, and saw 4 of its levels.

You collected 169 gold pieces.

Inventory:

Hand Weapons
 a - a +0 quarterstaff (weapon)
Armour
 b - a +0 scale mail (worn)
 c - a +0 kite shield (worn)
Jewellery
 p - a +4 ring of evasion
 t - an uncursed ring of positive energy
 u - the ring "Musch" (right hand) {rPois rF+ rC+ SInv}
   (You found it on level 4 of the Dungeon)

   [ring of protection from cold]

   It protects you from fire.
   It protects you from cold.
   It protects you from poison.
   It lets you see invisible.
 v - a +4 ring of protection (left hand)
 y - an uncursed ring of magical power
Scrolls
 e - a scroll of fog {unknown}
 f - 2 scrolls of blinking {unknown}
 g - a scroll of fear {unknown}
 i - 3 scrolls of magic mapping {unknown}
 k - a scroll of amnesia {unknown}
 l - 2 scrolls of random uselessness
 m - 2 scrolls of teleportation {unknown}
 q - 2 scrolls of identify
 s - 2 scrolls of remove curse {unknown}
Potions
 d - 2 potions of might
 h - a potion of haste
 j - 2 potions of curing {unknown}
 n - 2 potions of resistance {unknown}
 o - 2 potions of degeneration {unknown}
 r - a potion of flight {unknown}
 w - a potion of berserk rage {unknown}
 x - a potion of heal wounds {unknown}


   Skills:
 + Level 5.1 Fighting
 + Level 4.0 Staves
 - Level 5.0 Armour
 + Level 5.6 Shields


You had 6 spell levels left.
You didn't know any spells.
Your spell library was empty.

Dungeon Overview and Level Annotations

Branches:
Dungeon (4/15)             Temple (0/1) D:4

Altars:
Cheibriados
Ru


Innate Abilities, Weirdness & Mutations

You cannot be hasted, slowed, berserked, paralysed or teleported.
You can dig through walls and to a lower floor.
Your four strong arms can wield two-handed weapons with a shield.
You have a pair of large antennae on your head. (SInv)


Message History

You are too injured to fight recklessly!
You are too injured to fight recklessly!
You are too injured to fight recklessly!
You are too injured to fight recklessly!
You are too injured to fight recklessly!
You are too injured to fight recklessly!
You hit the ogre but do no damage.
The ogre is heavily wounded.
The ogre hits you with a +0 giant club!
* * * LOW HITPOINT WARNING * * *
You hit the ogre.
The ogre is severely wounded.
You block the ogre's attack.
You sock the ogre!
The ogre is almost dead.
You block the ogre's attack.
You barely miss the ogre.
The ogre is almost dead.
The ogre hits you with a +0 giant club!
You die...

#.......#######...##
#.###.#.# ##.## #.#
#.#.# #.# #.# #.#.#
#.# #.# #...# ##'##
#.# ##. ##...## #.#
..# ##.....#
#.####..# ##.......
#..@O...# #........
#...........+........
#.####....###...<....
#. #.#.# ##....... #.
.# # ##.....# #. #
##...## #. ##)## #.#
#.#


You could see an ogre.

Vanquished Creatures
  A water moccasin (D:4)
  A scorpion (D:4)
  A hound (D:4)
  2 bullfrog skeletons (D:2)
  An orc priest (D:4)
  An orc wizard (D:3)
  4 adders
  2 oozes
  6 worms
  3 dart slugs
  A leopard gecko (D:2)
  11 orcs
  5 giant cockroaches
  4 goblins
  4 hobgoblins
  4 jackals (D:2)
  2 quokkas
  A ball python (D:2)
  8 bats
  7 frilled lizards
  11 kobolds
  3 rats
83 creatures vanquished.

Vanquished Creatures (others)
  A plant (D:2)
1 creature vanquished.

Grand Total: 84 creatures vanquished

Notes
Turn   | Place    | Note
-------+----------+-------------------------------------------
     0 | D:1      | Arum the Formicid Fighter began the quest for the Orb.
     0 | D:1      | Reached XP level 1. HP: 18/18 MP: 1/1
   463 | D:1      | Reached XP level 2. HP: 24/24 MP: 2/2
   714 | D:2      | Reached XP level 3. HP: 27/29 MP: 3/3
   840 | D:2      | Reached XP level 4. HP: 33/37 MP: 4/4
  1110 | D:2      | Reached XP level 5. HP: 32/42 MP: 5/5
  1376 | D:2      | Found a sacrificial altar of Ru.
  1386 | D:2      | Became a worshipper of Ru the Awakened
  1796 | D:3      | Reached XP level 6. HP: 45/49 MP: 6/6
  2015 | D:3      | Found a snail-covered altar of Cheibriados.
  2031 | D:3      | Fell from the grace of Ru
  2031 | D:3      | Became a worshipper of Cheibriados the Contemplative
  2161 | D:3      | Reached skill level 5 in Shields
  2362 | D:4      | Got a pitted copper ring
  2364 | D:4      | Identified the ring "Musch" {rPois rF+ rC+ SInv} (You found
                  | it on level 4 of the Dungeon)
  2383 | D:4      | Found a staircase to the Ecumenical Temple.
  2942 | D:4      | Noticed a water moccasin
  2956 | D:4      | Killed a water moccasin
  2957 | D:4      | Reached skill level 5 in Fighting
  2957 | D:4      | Reached skill level 5 in Armour
  2957 | D:4      | Reached XP level 7. HP: 21/56 MP: 7/7
  3185 | D:4      | Reached * piety under Cheibriados
  3195 | D:4      | Slain by an ogre

Illustrated notes

Levels and vault maps discovered:
D:1:      saegor_arrival_simple_c, layout_loops_cross
D:2:      layout_basic, nicolae_ru_the_path_less_chosen
D:3:      layout_loops_ring, kennysheep_slug_shrine
D:4:      layout_loops_corners, minmay_temple_entry_purple_smoke, st_stairs_4,
          dk_noncrumbling_3

Skill      XL: |  1  2  3  4  5  6 |
---------------+-------------------+-----
Shields        | 4 5 |  5.6
Fighting       | 4 5 |  5.1
Armour         | 4 5 |  5.0
Staves         | 3 4 |  4.0

Action                   |  1- 3 |  4- 6 |  7- 9 || total
-------------------------+-------+-------+-------++-------
Melee: Quarterstaff      |    73 |   221 |    11 ||   305
 Abil: Dig               |     3 |       |       ||     3
  Use: Scroll            |       |     2 |       ||     2
Armor: Scale mail        |    43 |    45 |     2 ||    90
Dodge: Dodged            |    20 |    80 |     1 ||   101
Block: Kite shield       |    46 |    96 |     3 ||   145
